 Dungeon Crawl Stone Soup version 0.25.1-2-g60ff931df9 (webtiles) character file.

Game seed: 5034844862519869095

149 DoubleLucky the Chopper (level 5, -2/41 HPs)
             Began as a Demonspawn Fighter on Sept 30, 2020.
             Killed from afar by Blork the orc (6 damage)
             ... with a puff of flame
             ... on level 3 of the Dungeon.
             The game lasted 00:14:56 (3589 turns).

DoubleLucky the Chopper (Demonspawn Fighter)        Turns: 3589, Time: 00:14:57

Health: -2/41      AC:  6    Str: 18    XL:     5   Next: 9%
Magic:  5/5        EV:  7    Int:  9    God:
Gold:   205        SH:  8    Dex: 12    Spells: 4/4 levels left

rFire    . . .     SeeInvis .   a - +0 war axe
rCold    . . .     Gourm    .   c - +0 kite shield
rNeg     . . .     Faith    .   b - +0 scale mail
rPois    .         Spirit   .   (no helmet)
rElec    .         Reflect  .   (no cloak)
rCorr    .         Harm     .   (no gloves)
MR       .....                  (no boots)
Stlth    ..........             e - amulet of regeneration (curse)
HPRegen  0.53/turn              k - ring of flight
MPRegen  0.09/turn              (no ring)

@: lightly drained
A: hooves 1
a: Evoke Flight


You were on level 3 of the Dungeon.
You were hungry.

You visited 1 branch of the dungeon, and saw 4 of its levels.

You collected 205 gold pieces.

Inventory:

Hand Weapons
 a - a +0 war axe (weapon)
 x - a +0 hunting sling
Missiles
 q - 57 stones (quivered)
 y - 17 sling bullets
Armour
 b - a +0 scale mail (worn)
 c - a +0 kite shield (worn)
Jewellery
 e - a cursed amulet of regeneration (around neck)
 k - a ring of flight (left hand)
 o - an uncursed amulet of guardian spirit {unknown}
 p - a cursed amulet of inaccuracy {unknown}
Scrolls
 l - a scroll of identify
 m - 4 scrolls of immolation
 n - a scroll of fog
 t - 2 scrolls of fear
Potions
 d - a potion of might
 g - a potion of magic {unknown}
 h - a potion of mutation {unknown}
 j - 2 potions of lignification
 s - a potion of ambrosia
 v - a potion of curing {unknown}
Comestibles
 f - 8 rations


   Skills:
 - Level 3.0(2.8) Fighting
 + Level 4.8(4.6) Axes
 - Level 2.7(2.5) Armour
 - Level 2.7(2.5) Shields


You had 4 spell levels left.
You didn't know any spells.
Your spell library was empty.

Dungeon Overview and Level Annotations

Branches:
Dungeon (4/15)
 Temple: D:4-7

Altars:

Annotations:
D:3 Blork the orc


Innate Abilities, Weirdness & Mutations

You have large cloven feet.


Message History

You hit Blork the orc. Your kick misses Blork the orc.
Blork the orc is severely wounded.
Blork the orc hits you with a cursed +0 scimitar!
You block Blork the orc's attack.
You are too injured to fight recklessly!
Blork the orc hits you with a cursed +0 scimitar.
* * * LOW HITPOINT WARNING * * *
Blork the orc hits you with a cursed +0 scimitar.
* * * LOW HITPOINT WARNING * * *
You block Blork the orc's attack. You block Blork the orc's attack.
You are feeling hungry.
Blork the orc screams, "I'll make a cloak from your skin!"
Blork the orc cheers to no one in particular.
Blork the orc points at you and mumbles some strange words.
The puff of flame hits you!
* * * LOW HITPOINT WARNING * * *
Blork the orc points at you and mumbles some strange words.
The puff of flame hits you.
You die...

#..# #....#.# #.##
#.##.†.# #.# #.###### #.#
####.# #.# ##.##.# #.#
##...#.###
#.####..<.....##########
#.#.........#.#.........
#.#.##.@o..##.#.########
#>#.###.................
#.#.# ##.#.##.#.###.##.)
##.#.# ###.#.#..###.##>#
#..#.# #..###..##.##.#
#..#.# #.## ##....##.#
#..#.## #..###....###.#
#.....#####.#.#..#..###.#
#...#.......##.#.#.......


You could see Blork the orc (fast).

Vanquished Creatures
  An orc priest (D:3)
  Terence (D:2)
  2 adders
  3 leopard geckos
  7 orcs (D:3)
  3 ball pythons
  2 giant cockroaches
  8 goblins
  7 hobgoblins
  7 jackals (D:1)
  6 bats
  3 frilled lizards (D:2)
  6 kobolds
  5 rats
61 creatures vanquished.

Notes
Turn   | Place    | Note
-------+----------+-------------------------------------------
     0 | D:1      | DoubleLucky the Demonspawn Fighter began the quest for the
                  | Orb.
     0 | D:1      | Reached XP level 1. HP: 18/18 MP: 1/1
    97 | D:1      | Reached skill level 2 in Axes
   390 | D:1      | Gained mutation: You have large cloven feet. [demonic
                  | ancestry]
   390 | D:1      | Reached XP level 2. HP: 24/24 MP: 2/2
   967 | D:1      | Reached skill level 3 in Axes
  1368 | D:1      | Reached XP level 3. HP: 29/29 MP: 3/3
  1956 | D:2      | Noticed Terence
  1973 | D:2      | Killed Terence
  2115 | D:2      | Reached XP level 4. HP: 33/35 MP: 4/4
  2350 | D:2      | Reached skill level 4 in Axes
  3471 | D:3      | Reached XP level 5. HP: 41/41 MP: 5/5
  3559 | D:4      | Noticed Blork the orc
  3589 | D:3      | Killed from afar by Blork the orc

Illustrated notes

Levels and vault maps discovered:
D:1:      matt_arrival_refuge, layout_basic, minmay_misc_feat_more_columns
D:2:      layout_loops_corners, uniq_terence
D:3:      layout_loops_ring, minmay_liquid_box
D:4:      layout_gridville, serial_shops, shop, minmay_between,
          uniq_blork_the_orc

Skill      XL: |  1  2  3  4 |
---------------+-------------+-----
Axes           | 2 3 4 |  4.8
Fighting       | |  3.0
Armour         | |  2.7
Shields        | |  2.7

Action                   |  1- 3 |  4- 6 || total
-------------------------+-------+-------++-------
Melee: War axe           |    91 |    57 ||   148
       Kick              |    17 |    11 ||    28
  Use: Scroll            |       |    11 ||    11
  Eat: Chunk             |     4 |     4 ||     8
Armor: Scale mail        |    55 |    15 ||    70
Dodge: Dodged            |    28 |    17 ||    45
Block: Kite shield       |    49 |    28 ||    77
